AoeStats
← Andrew Geek

Arabia

508488461Analyzed
3v3 RM · 8d ago on Sep 22, 2026· 62m 30s· 6 players
Game mode
Random Map
Map size
Normal (6 player)
Population
200
Speed
Normal
Resources
Standard
Victory
Conquest
Starting age
Dark Age
Ending age
Imperial Age
RankedLock teamsTeams togetherTeam positionsShared explorationLock speedFull tech treeHidden civsTurbo modeCheats
Victory
Defeat
🇩🇪 Vietnamese · Germany
1396
+11
🇩🇪 Varangians · Germany
1334
+14
🇩🇪 Saracens · Germany
1202
+19
🇦🇷 Franks · Argentina
1415
-20
🇨🇴 Turks · Colombia
1284
-15
🇦🇷 Portuguese · Argentina
1136
-9
PistonForjado
7:40 Loom
9:53 Loom
12:10 Feudal Age
13:56 Double-Bit Axe
17:18 Castle Age
15:20 Gold Mining
18:27 Scale Barding Armor
18:35 Bow Saw
23:35 Wheelbarrow
23:21 Husbandry
25:52 Forging
28:28 Iron Casting
29:38 Chain Barding Armor
33:16 Gold Shaft Mining
39:02 Imperial Age
37:48 Stone Mining
40:21 Plate Barding Armor
39:07 Cavalier
40:37 Conscription
41:31 Blast Furnace
40:24 Paladin
42:21 Hand Cart
41:51 Town Watch
43:17 Chivalry
42:38 Light Cavalry
44:36 Fortified Wall
47:28 Scale Mail Armor
46:52 Pikeman
47:32 Squires
47:18 Gambesons
48:31 Halberdier
48:56 Treadmill Crane
49:32 Chain Mail Armor
51:31 Plate Mail Armor
51:58 Fletching
53:10 Chemistry
52:30 Ballistics
54:11 Bodkin Arrow
Andrew Geek
1:46 Loom
9:33 Feudal Age
10:47 Double-Bit Axe
23:45 Castle Age
22:12 Stone Mining
22:43 Gold Mining
22:34 Horse Collar
24:50 Wheelbarrow
25:35 Town Watch
26:36 Bow Saw
29:56 Fletching
33:31 Bodkin Arrow
34:34 Guard Tower
35:05 Ballistics
35:45 Hand Cart
41:42 Imperial Age
40:27 Bloodlines
40:24 Murder Holes
40:56 Husbandry
41:02 Scale Barding Armor
41:45 Heavy Plow
42:20 Gold Shaft Mining
42:23 Forging
47:25 Chain Barding Armor
46:28 Heavy Camel Rider
49:22 Conscription
49:39 Hoardings
51:42 Plate Barding Armor
53:16 Iron Casting
53:53 Caravan
AgusJota
5:35 Loom
10:52 Feudal Age
19:07 Castle Age
51:47 Double-Bit Axe
59:24 Imperial Age
57:29 Wheelbarrow
56:25 Pikeman
Fresh LongNotBottom
5:45 Loom
9:02 Feudal Age
11:49 Double-Bit Axe
15:27 Fletching
15:38 Padded Archer Armor
22:23 Castle Age
22:39 Crossbowman
23:16 Bodkin Arrow
26:48 Wheelbarrow
27:40 Bow Saw
33:34 Thumb Ring
34:23 Redemption
40:18 Imperial Age
38:18 Bimaristan
38:34 Husbandry
38:45 Bloodlines
39:39 Leather Archer Armor
39:30 Scale Barding Armor
39:50 Town Watch
40:32 Horse Collar
43:14 Ballistics
43:55 Chemistry
43:08 Bracer
45:16 Conscription
46:26 Hand Cart
47:13 Elite Mameluke
52:10 Town Patrol
51:39 Light Cavalry
53:58 Scale Barding Armor
54:03 Forging
57:05 Caravan
58:10 Iron Casting
57:55 Chain Barding Armor
57:35 Hussar
60:58 Plate Barding Armor
61:33 Heavy Plow
MCHagrid
6:02 Loom
9:16 Feudal Age
13:38 Fletching
22:32 Double-Bit Axe
22:28 Horse Collar
22:40 Gold Mining
25:45 Castle Age
25:16 Padded Archer Armor
26:43 Wheelbarrow
25:55 Crossbowman
26:40 Thumb Ring
26:31 Bodkin Arrow
27:02 Bow Saw
27:17 Heavy Plow
27:03 Town Watch
27:40 Hand Cart
27:11 Town Watch
31:58 Leather Archer Armor
32:17 Town Patrol
33:01 Ballistics
39:56 Imperial Age
42:00 Imperial Age
40:11 Stone Mining
43:41 Chemistry
42:53 Masonry
42:22 Pikeman
43:26 Scale Mail Armor
43:37 Forging
42:55 Arbalester
44:06 Bracer
44:54 Chain Mail Armor
47:32 Halberdier
49:59 Ring Archer Armor
49:59 Plate Mail Armor
49:54 Squires
49:45 Arson
62:03 Iron Casting
Fresh Dumbledore
7:00 Loom
8:59 Feudal Age
9:52 Double-Bit Axe
11:06 Bloodlines
13:15 Horse Collar
20:47 Castle Age
19:01 Gold Mining
20:29 Scale Barding Armor
21:17 Forging
21:47 Bow Saw
21:38 Heavy Plow
22:01 Chain Barding Armor
22:09 Husbandry
25:43 Wheelbarrow
28:39 Hand Cart
37:22 Imperial Age
34:58 Stone Mining
37:45 Iron Casting
38:46 Plate Barding Armor
37:33 Cavalier
41:10 Blast Furnace
40:48 Crop Rotation
41:24 Two-Man Saw
44:36 Coinage
44:16 Guilds
44:22 Masonry
45:12 Chemistry
44:47 Vendel Legacy
45:48 Conscription
47:11 Fletching
53:34 Light Cavalry
53:39 Elite Jarl
55:13 Ballistics
55:23 Architecture
55:22 Murder Holes
55:26 Bodkin Arrow
59:04 Caravan
59:35 Banking
59:44 Bracer
60:44 Town Watch
61:33 Hussar
Connection lost

Rejoining the realm…

Still unreachable

The connection could not be restored.

Session expired

The server has moved on; the page needs a fresh start.